 Dungeon Crawl Stone Soup version 0.31-a0-521-gc7390f8997 (webtiles) character file.

Game seed: 13913980105863952213

913 Irreverend the Ruffian (level 8, -3/54 HPs)
             Began as an Octopode Shapeshifter on Aug 10, 2023.
             Slain by an ice beast (10 damage)
             ... on level 5 of the Dungeon.
             The game lasted 00:11:43 (4692 turns).

Irreverend the Ruffian (Octopode Shapeshifter)      Turns: 4692, Time: 00:11:44

Health: -3/54      AC:  1    Str: 16    XL:     8   Next: 9%
Magic:  8/8        EV: 14    Int: 10    God:
Gold:   277        SH:  0    Dex: 13    Spells: 7/7 levels left

rFire   . .          .
                       - Unarmed
rCold   . . .        (no shield)
rNeg    . . .        (helmet currently unavailable)
rPois   +            (no amulet)
rElec   .            i - ring of poison resistance
rCorr   .            (no ring)
SInv    .            (no ring)
Will    .....        (no ring)
Stlth   ++           (no ring)
HPRegen 0.29/turn    (no ring)
MPRegen 0.11/turn    (no ring)
                     (no ring)

%: no passive effects
@: beast-form
A: beast (slay +2), almost no armour, amphibious, 8 rings, camouflage 1,
gelatinous body 1, (nimble swimmer 1), tentacles
a: Begin Untransformation


You were on level 5 of the Dungeon.
You were a hulking beast.
You visited 1 branch of the dungeon, and saw 5 of its levels.
You also visited: Sewer.

You collected 277 gold pieces.

Inventory:

Missiles
 q - 3 throwing nets
Jewellery
 i - a ring of poison resistance (left tentacle)
Talismans
 b - a beast talisman (active)
 c - a flux talisman
Wands
 e - a wand of paralysis (6)
Scrolls
 d - 2 scrolls of amnesia {unknown}
 f - 2 scrolls of teleportation {unknown}
 j - 3 scrolls of identify
 k - a scroll of brand weapon {unknown}
 m - 2 scrolls of blinking {unknown}
 n - a scroll of fog {unknown}
 o - a scroll of acquirement {unknown}
 p - a scroll of torment {unknown}
 r - a scroll of immolation {unknown}
Potions
 a - a potion of berserk rage
 g - a potion of might {unknown}
 h - a potion of curing
 l - a potion of brilliance {unknown}


   Skills:
 + Level 4.0 Fighting
 + Level 4.3 Dodging
 + Level 6.3 Unarmed Combat
 * Level 4.4 Shapeshifting


You had 7 spell levels left.
You didn't know any spells.
Your spell library contained the following spells:

 Spells                   Type           Power      Damage    Failure   Level
 Kiss of Death            Conj/Necr      0%         2d5       36%         1
 Sting                    Tmut/Pois      0%         1d3       36%         1
 Poisonous Vapours        Pois/Air       0%         N/A       50%         2
 Confusing Touch          Hex            0%         N/A       75%         3
 Dispel Undead            Necr           0%         3d6       98%         4
 Olgreb's Toxic Radiance  Pois           0%         N/A       98%         4


Dungeon Overview and Level Annotations

Branches:
Dungeon (5/15)              Sewer (visited)
 Temple: D:4-7

Altars:
Cheibriados
Okawaru
Ru
Sif Muna
Trog
Yredelemnul
The Shining One

Shops:
D:1 *   D:4 *??([(


Innate Abilities, Weirdness & Mutations

You are a hulking beast.
Your limbs bulge with bestial killing power. (Slay +2)
You cannot wear most types of armour.
You are amphibious.
You can wear up to eight rings at the same time.
Your skin changes colour to match your surroundings (Stealth+).
Your rubbery body absorbs attacks. (AC +1, EV +1)
((You are camouflaged when in or above water. (Stealth+)))
You have tentacles for arms and can constrict up to eight enemies at once.


Message History

Found a sacrificial altar of Ru.
Found 3 stones.
Found two altars.
Found a basalt altar of Yredelemnul.
Found 15 gold pieces.
There is a basalt altar of Yredelemnul here.
There is a shimmering blue altar of Sif Muna here.
An ice beast comes into view.
The ice beast moves out of view.
There is a fountain of clear blue water here.
Found a robe.
Found a stone staircase leading up.
The ice beast hits you. The ice beast freezes you!
You tentacle-slap the ice beast.
The ice beast is lightly wounded.
The ice beast closely misses you.
You barely miss the ice beast. The ice beast hits you.
The ice beast freezes you!
You tentacle-slap the ice beast but do no damage.
You squeeze the ice beast.
The ice beast is moderately wounded.
The ice beast hits you. The ice beast freezes you!
You closely miss the ice beast.
The ice beast is moderately wounded.
The ice beast hits you. The ice beast freezes you!
You are too injured to fight recklessly!
You are too injured to fight recklessly!
You are too injured to fight recklessly!
You are too injured to fight recklessly!
You tentacle-slap the ice beast but do no damage.
The ice beast is moderately wounded.
The ice beast hits you.
* * * LOW HITPOINT WARNING * * *
The ice beast freezes you!
* * * LOW HITPOINT WARNING * * *
You bludgeon the ice beast! Your squeeze misses the ice beast.
The ice beast is severely wounded.
The ice beast hits you.
* * * LOW HITPOINT WARNING * * *
The ice beast freezes you!
You die...

. ###.......#
.########......##.#
.#..#..#..........#
...#......._..._..#
...#....#.........#
...'....#....⌠.._.#
...#....#.........#
..###†####._.....##
..##### #...._..h#
......#..$.....(.Y..#
......#......#..........
......#......#......####
.###..##+#####..##.#..
.###..# #..# .#.≈≈
........ ...[ .. ≈≈≈
......... .... <.. ≈#
.##'#####.


You could see an ice beast.

Vanquished Creatures
  Duvessa (D:5)
  Pargi (Sewer)
  2 ogres (D:4)
  A scorpion (D:5)
  Dowan (D:5)
  3 hounds (D:5)
  Jessica (D:3)
  Natasha (thrice) (D:3)
  An iguana (D:4)
  5 adders
  5 gnolls (D:4)
  2 ufetubi (D:4)
  4 worms
  3 dart slugs
  4 orcs
  6 endoplasms
  8 giant cockroaches
  12 goblins
  13 hobgoblins
  3 jackals (D:4)
  10 kobolds
  3 quokkas
  6 ball pythons
  10 bats
  7 rats
115 creatures vanquished.

Notes
Turn   | Place    | Note
-------+----------+-------------------------------------------
     0 | D:1      | Irreverend the Octopode Shapeshifter began the quest for
                  | the Orb.
     0 | D:1      | Reached XP level 1. HP: 13/13 MP: 1/1
   126 | D:1      | Reached XP level 2. HP: 14/18 MP: 2/2
   212 | D:1      | Found Lyomaev's General Store.
   381 | D:1      | Reached XP level 3. HP: 23/23 MP: 3/3
   953 | D:2      | Identified the +9 whip of Responsibility {heavy, Dex+2}
  1027 | D:2      | Reached XP level 4. HP: 29/29 MP: 4/4
  1867 | D:3      | Noticed Jessica
  1873 | D:3      | Killed Jessica
  1874 | D:3      | Reached skill level 4 in Unarmed Combat
  1874 | D:3      | Reached XP level 5. HP: 28/34 MP: 5/5
  2026 | D:3      | Found a faded altar of an unknown god.
  2139 | D:3      | Noticed Natasha
  2152 | D:3      | Killed Natasha
  2476 | D:3      | Noticed Natasha
  2489 | D:3      | Killed Natasha
  2662 | D:3      | Noticed Natasha
  2781 | D:3      | Killed Natasha
  2867 | D:4      | Found Zewn's Magic Scroll Emporium.
  2918 | D:4      | Found The Oracle's Delphic Readings.
  3001 | D:4      | Noticed an ogre
  3042 | D:4      | Found Temi's Armour Shoppe.
  3044 | D:4      | Noticed an ogre
  3067 | D:4      | Reached XP level 6. HP: 31/41 MP: 6/6
  3166 | D:4      | Found a glowing drain.
  3174 | Sewer    | Entered a sewer
  3232 | Sewer    | Noticed Pargi
  3258 | Sewer    | Killed Pargi
  3259 | Sewer    | Reached skill level 5 in Unarmed Combat
  3484 | D:4      | Reached XP level 7. HP: 46/46 MP: 7/7
  3625 | D:4      | Found Lasu's Antique Weapon Emporium.
  3689 | D:4      | Found an iron altar of Okawaru.
  3740 | D:4      | Found Bala's Weapon Boutique.
  3780 | D:4      | Found a bloodstained altar of Trog.
  3884 | D:4      | Found Tuodued's General Store.
  3902 | D:5      | Entered Level 5 of the Dungeon
  4082 | D:5      | Noticed Dowan
  4103 | D:5      | Reached skill level 6 in Unarmed Combat
  4125 | D:5      | Noticed Duvessa
  4569 | D:5      | Killed Duvessa
  4579 | D:5      | Killed Dowan
  4580 | D:5      | Reached XP level 8. HP: 36/54 MP: 8/8
  4669 | D:5      | Found a snail-covered altar of Cheibriados.
  4670 | D:5      | Found a sacrificial altar of Ru.
  4671 | D:5      | Found a shimmering blue altar of Sif Muna.
  4671 | D:5      | Found a glowing golden altar of the Shining One.
  4672 | D:5      | Found a basalt altar of Yredelemnul.
  4692 | D:5      | Slain by an ice beast

Illustrated notes

Levels and vault maps discovered:
D:1:      amcnicky_arrival_abandoned_market, layout_loops_ring, serial_shops,
          shop
D:2:      layout_loops_ring, corexii_corridor_pit
D:3:      layout_basic, ebering_ecumenical_altar_mist, minmay_misc_feat_tower,
          kennysheep_flooded_box, kennysheep_generic_room_13, uniq_jessica,
          uniq_natasha
D:4:      layout_cave_pools, kennysheep_okawaru_gauntlet, trog_hazing_becter,
          portal_sewer_entry_f, serial_shops, nicolae_shop_tiny_real_fake_doors,
          nicolae_shop_hallway_plus, nicolae_shop_bloodbath_and_beyond,
          nicolae_stop_n_shop_2, shop, nicolae_nh_oracle_at_delphi
D:5:      layout_gridville, grunt_temple_overflow_open,
          gammafunk_ghost_gnarly_gnolls, uniq_duvessa

Skill      XL: |  1  2  3  4  5  6  7 |
---------------+----------------------+-----
Fighting       | 2 3 4 |  4.0
Unarmed Combat | 4 5 6 |  6.3
Dodging        | 3 4 |  4.3
Shapeshifting  | 4 |  4.4

Action                     |  1- 3 |  4- 6 |  7- 9 || total
---------------------------+-------+-------+-------++-------
  Melee: Unarmed           |    67 |   131 |    54 ||   252
         Constrict         |    21 |    27 |    13 ||    61
         Tentacles         |    15 |    18 |    17 ||    50
         Punch             |     2 |     4 |     2 ||     8
    Use: Potion            |     1 |     2 |       ||     3
         Scroll            |       |     1 |       ||     1
   Stab: Sleeping          |     6 |     1 |     4 ||    11
         Distracted        |     1 |       |     1 ||     2
 Armour: Skin              |     3 |    46 |       ||    49
  Dodge: Dodged            |    22 |    83 |    31 ||   136

Table legend: (Time is in decaauts)
 A = Elapsed time spent in this place.
 B = Non-inter-level travel time spent in this place.
 C = Inter-level travel time spent in this place.
 D = Time resting spent in this place.
 E = Time spent auto-exploring this place.
 F = Levels seen in this place.
 G = Mean time per level.
                   A        B        C        D        E       F      G
               +--------+--------+--------+--------+--------+-----+--------+
         Total |   4676 |   4276 |    400 |   1015 |   2218 |   6 |  779.3 |
       Dungeon |   4426 |   4026 |    400 |    859 |   2184 |   5 |  885.2 |
         Sewer |    250 |    250 |      0 |    156 |     34 |   1 |  250.0 |
               +--------+--------+--------+--------+--------+-----+--------+

Top non-repeatable levels by time:
     D:3: 1158 daAuts
     D:2: 1019 daAuts
     D:5: 786 daAuts
     D:4: 775 daAuts
     D:1: 687 daAuts
   Sewer: 250 daAuts
